 Dungeon Crawl Stone Soup version 0.27.0-1-g7a089689b8 (webtiles) character file.

Game seed: 273891423679471481

44 SnakkuSnakku7 the Skirmisher (level 3, 0/37 HPs)
             Began as an Ogre Enchanter on Aug 13, 2021.
             Slain by an adder (3 damage)
             ... on level 2 of the Dungeon.
             The game lasted 00:01:45 (1365 turns).

SnakkuSnakku7 the Skirmisher (Ogre Enchanter)       Turns: 1365, Time: 00:01:46

Health: 0/37       AC:  3    Str: 13    XL:     3   Next: 62%
Magic:  6/6        EV:  9    Int: 16    God:
Gold:   39         SH:  0    Dex:  9    Spells: 5/6 levels left

rFire    . . .     SeeInvis .   a - +1 dagger
rCold    . . .     Faith    .   (no shield)
rNeg     . . .     Spirit   .   b - +0 robe
rPois    .         Reflect  .   (helmet restricted)
rElec    .         Harm     .   (no cloak)
rCorr    .         Rampage  .   (gloves unavailable)
Will     .....                  (boots unavailable)
Stlth    ++........             (no amulet)
HPRegen  0.12/turn              (no ring)
MPRegen  0.10/turn              (no ring)

@: lethally poisoned (0 -> -2)
A: large, unfitting armour, tough skin 1
a: no special abilities


You were on level 2 of the Dungeon.
You visited 1 branch of the dungeon, and saw 2 of its levels.

You collected 39 gold pieces.

Inventory:

Hand Weapons
 a - a +1 dagger (weapon)
Missiles
 g - 9 poisoned darts (quivered)
Armour
 b - a +0 robe (worn)
Scrolls
 c - a scroll of noise {unknown}
 e - a scroll of immolation {unknown}
 f - a scroll of brand weapon {unknown}
 h - a scroll of blinking {unknown}
 i - a scroll of identify {unknown}
Potions
 d - a potion of ambrosia {unknown}
 j - a potion of attraction {unknown}


   Skills:
 + Level 3.6 Fighting
 - Level 0.8 Short Blades
 + Level 1.3 Throwing
 - Level 1.7 Dodging
 - Level 2.1 Stealth
 - Level 2.4 Spellcasting
 - Level 2.6 Hexes


You had 5 spell levels left.
You knew the following spells:

 Your Spells              Type           Power      Damage    Failure   Level
a - Corona                Hex            11%        N/A       7%          1

Your spell library contained the following spells:

 Spells                   Type           Power      Damage    Failure   Level
 Ensorcelled Hibernation  Hex/Ice        12%        N/A       17%         2
 Confusing Touch          Hex            10%        N/A       21%         3
 Tukima's Dance           Hex            10%        N/A       21%         3
 Dazzling Flash           Conj/Hex       12%        N/A       34%         3


Dungeon Overview and Level Annotations

Branches:
Dungeon (2/15)

Altars:


Innate Abilities, Weirdness & Mutations

You are too large for most types of armour.
You have tough skin. (AC +1)


Message History

You miss the adder.
The adder is moderately wounded.
You feel sick. The adder barely misses you.
The adder bites you but does no damage.
You hit the adder but do no damage.
The adder is moderately wounded.
You feel sick. The adder bites you but does no damage.
You closely miss the adder.
The adder is moderately wounded.
You feel sick. The adder bites you.
* * * LOW HITPOINT WARNING * * *
You miss the adder.
The adder is moderately wounded.
You feel sick.
You are no longer poisoned.
The adder bites you but does no damage.
You closely miss the adder.
The adder is moderately wounded.
The adder bites you but does no damage. The adder barely misses you.
You miss the adder.
The adder is moderately wounded.
The adder bites you.
* * * LOW HITPOINT WARNING * * *
You are poisoned.
The adder poisons you!
You hit the adder.
The adder is heavily wounded.
You feel sick. The adder bites you but does no damage.
Unknown command.
Unknown command.
You miss the adder.
The adder is heavily wounded.
You feel sick. The adder bites you.
* * * LOW HITPOINT WARNING * * *
Unknown command.
You hit the adder but do no damage.
The adder is heavily wounded.
* * * LOW HITPOINT WARNING * * *
You feel sick. The adder bites you.
You die...

#........ #........
#.....#.....
#........ #.....#....
#........ +.....+...
#)# #.[... ..#####.#
#.....#..#.....######
#...#.....##.S.....#
#.#.#.##..##.@.###.#
#.#.......#..).....#
#.#.##...####.#.####
#.#.#.....#...#.#
#...#.##..#...#.#
####<#.###.#...#.#
#....#.# #.......#
###.##.#.###...#.###
...........#....... #


You could see an adder.

Vanquished Creatures
  A dart slug (D:1)
  4 ball pythons (D:1)
  6 endoplasms
  3 giant cockroaches (D:2)
  5 goblins
  3 hobgoblins (D:1)
  3 kobolds (D:1)
  4 quokkas
  2 bats
  A frilled lizard (D:1)
  3 rats
35 creatures vanquished.

Notes
Turn   | Place    | Note
-------+----------+-------------------------------------------
     0 | D:1      | SnakkuSnakku7 the Ogre Enchanter began the quest for the
                  | Orb.
     0 | D:1      | Reached XP level 1. HP: 16/16 MP: 3/3
    48 | D:1      | Reached skill level 1 in Fighting
   185 | D:1      | Reached skill level 2 in Fighting
   185 | D:1      | Reached XP level 2. HP: 21/28 MP: 5/5
   629 | D:1      | Reached skill level 3 in Fighting
   955 | D:1      | Reached XP level 3. HP: 36/37 MP: 6/6
  1179 | D:1      | Reached skill level 1 in Throwing
  1365 | D:2      | Slain by an adder

Illustrated notes

Levels and vault maps discovered:
D:1:      mrwooster_arrival_statue, layout_basic
D:2:      layout_basic, ebering_ecumenical_altar_ruins

Skill      XL: |  1  2  3 |
---------------+----------+-----
Fighting       | 2 3 |  3.6
Throwing       | 1 |  1.3
Short Blades   | |  0.8
Dodging        | |  1.7
Stealth        | |  2.1
Spellcasting   | |  2.4
Hexes          | |  2.6

Action                   || total
-------------------------++-------
Melee: Dagger            ||   175
 Stab: Sleeping          ||     5
Armor: Robe              ||    52
Dodge: Dodged            ||    74
